 Dungeon Crawl Stone Soup version 0.25.1-2-g60ff931df9 (webtiles) character file.

Game seed: 7632654369679696605

807 DildoBatman the Conjurer (level 8, 0/52 HPs)
             Began as a Formicid Wizard on Aug 16, 2020.
             Slain by an orc
             ... wielding a cursed -1 mace
              (1 damage)
             ... on level 6 of the Dungeon.
             The game lasted 00:17:26 (5189 turns).

DildoBatman the Conjurer (Formicid Wizard)          Turns: 5189, Time: 00:17:26

Health: 0/52       AC:  6    Str: 13    XL:     8   Next: 14%
Magic:  12/12      EV: 11    Int: 19    God:
Gold:   364        SH:  0    Dex:  9    Spells: 6/13 levels left

rFire    + . .     SeeInvis +   a - +2 trident (freeze)
rCold    + . .     Gourm    .   (no shield)
rNeg     . . .     Faith    .   t - +3 leather armour
rPois    .         Spirit   .   (helmet unavailable)
rElec    .         Reflect  .   y - scarf {rC+ rF+}
rCorr    .         Harm     .   (no gloves)
MR       .....                  (no boots)
Stlth    ++........             (no amulet)
HPRegen  0.17/turn              l - ring of flight
MPRegen  0.13/turn              (no ring)

@: no status effects
A: permanent stasis, dig shafts and tunnels, four strong arms, antennae 3
a: Dig, Shaft Self, Evoke Flight


You were on level 6 of the Dungeon.
You were not hungry.

You visited 1 branch of the dungeon, and saw 6 of its levels.
You also visited: Sewer.

You collected 364 gold pieces.

Inventory:

Hand Weapons
 a - a +2 trident of freezing (weapon)
 b - a +2 vampiric morningstar
Missiles
 c - 218 stones
 j - 51 poisoned darts
 k - 7 boomerangs (quivered)
 n - 8 bolts
 p - 28 sling bullets
 z - 63 arrows
Armour
 s - a +0 tower shield
 t - a +3 leather armour (worn)
 y - a scarf of resistance (worn)
Jewellery
 l - a ring of flight (left hand)
Scrolls
 g - 2 scrolls of magic mapping {unknown}
 h - 3 scrolls of amnesia
 m - 3 scrolls of immolation {unknown}
 q - a scroll of fear {unknown}
 w - 2 scrolls of enchant weapon {unknown}
 x - 4 scrolls of remove curse
Potions
 d - 4 potions of curing
 e - 4 potions of flight {unknown}
 f - a potion of invisibility {unknown}
 i - a potion of berserk rage {unknown}
 o - a potion of lignification {unknown}
 r - 3 potions of heal wounds {unknown}
 u - a potion of degeneration {unknown}
 B - a potion of resistance {unknown}
Comestibles
 v - 8 rations
 A - 3 chunks of flesh


   Skills:
 - Level 1.7 Dodging
 - Level 2.4 Stealth
 - Level 3.2 Spellcasting
 * Level 5.7 Conjurations
   Level 1.0 Summonings
   Level 0.8 Translocations
 * Level 3.2 Air Magic
 - Level 5.0 Poison Magic


You had 6 spell levels left.
You knew the following spells:

 Your Spells              Type           Power        Failure   Level  Hunger
a - Conjure Flame         Conj/Fire      ##......     17%         3    ###....
c - Magic Dart            Conj           ###.         1%          1    None
e - Mephitic Cloud        Conj/Pois/Air  ###.....     9%          3    ###....

Your spell library contained the following spells:

 Spells                   Type           Power        Failure   Level  Hunger
 Call Imp                 Summ           #.......     19%         2    ##.....
 Slow                     Hex            #.......     28%         2    ##.....
 Blink                    Tloc           Unusable     N/A         2    N/A

Dungeon Overview and Level Annotations

Branches:
Dungeon (6/15)              Sewer (visited)
 Temple: D:4-7

Altars:
Ashenzari
Cheibriados
Fedhas

Annotations:
D:4 exclusion: phantom, Dowan, Duvessa
D:5 2 exclusions


Innate Abilities, Weirdness & Mutations

You cannot be hasted, slowed, berserked, paralysed or teleported.
You can dig through walls and to a lower floor.
Your four strong arms can wield two-handed weapons with a shield.
You have a pair of large antennae on your head. (SInv)


Message History

You kill the orc!
The orc hits you but does no damage. The iguana bites you!
The orc barely misses you. The orc hits you with a cursed -1 mace.
Things that are here:
a +0 falchion an orc corpse You hit the orc but do no damage.
The orc closely misses you. The orc barely misses you.
The iguana barely misses you.
You hit the hound. You freeze the hound.
The hound is moderately wounded.
The hound barely misses you. The orc barely misses you. x2
The iguana bites you. The orc hits you with a cursed -1 mace.
You die...

#.......+ +.......#
#.......# #.......# #......
##+#.... #..ooh# #..o@o#
#...l.# ####+##..?..#
#...........#
............##+###
.................#
.................####
.....................
##+#########...............


You could see an iguana, a hound and 4 orcs.

Vanquished Creatures
  A hungry ghost (D:5)
  A big kobold (Sewer)
  A scorpion (D:3)
  A howler monkey (D:6)
  A bullfrog zombie (D:5)
  2 hounds
  A centaur zombie (D:5)
  2 orc priests (D:5)
  A jelly (D:5)
  3 worker ants (D:4)
  A hound skeleton (D:5)
  6 adders
  6 river rats
  A worm (D:2)
  3 dart slugs
  4 leopard geckos
  18 orcs
  11 giant cockroaches
  5 goblins
  2 hobgoblins (D:1)
  6 jackals
  15 kobolds
  2 quokkas
  4 bats
  7 frilled lizards
  A jackal skeleton (D:4)
  2 quokka skeletons
  11 rats
119 creatures vanquished.

Vanquished Creatures (collateral kills)
  A quokka (D:3)
1 creature vanquished.

Grand Total: 120 creatures vanquished

Notes
Turn   | Place    | Note
-------+----------+-------------------------------------------
     0 | D:1      | DildoBatman the Formicid Wizard began the quest for the
                  | Orb.
     0 | D:1      | Reached XP level 1. HP: 13/13 MP: 4/4
    71 | D:1      | Reached skill level 1 in Conjurations
   239 | D:1      | Reached XP level 2. HP: 11/19 MP: 1/6
   683 | D:1      | Reached XP level 3. HP: 22/24 MP: 0/7
   688 | D:1      | Learned a level 3 spell: Conjure Flame
   692 | D:1      | Learned a level 3 spell: Mephitic Cloud
  1631 | D:2      | Reached XP level 4. HP: 23/30 MP: 0/8
  2189 | D:3      | Reached XP level 5. HP: 4/35 MP: 4/9
  2491 | D:3      | Found a glowing drain.
  2496 | Sewer    | Entered a sewer
  2506 | Sewer    | Reached skill level 1 in Poison Magic
  2708 | Sewer    | Noticed a big kobold
  2742 | Sewer    | Killed a big kobold
  2742 | Sewer    | Reached skill level 1 in Air Magic
  2742 | Sewer    | Reached XP level 6. HP: 20/41 MP: 5/10
  2804 | Sewer    | Found a white marble altar of Elyvilon.
  3111 | D:3      | Found a snail-covered altar of Cheibriados.
  3695 | D:4      | Reached XP level 7. HP: 46/46 MP: 5/11
  3749 | D:4      | Reached skill level 5 in Conjurations
  4355 | D:5      | Entered Level 5 of the Dungeon
  4355 | D:5      | Noticed a hungry ghost
  4404 | D:5      | Killed a hungry ghost
  4500 | D:5      | Noticed Dowan
  4500 | D:5      | Noticed Duvessa
  4628 | D:5      | Found a shattered altar of Ashenzari.
  4836 | D:5      | Reached XP level 8. HP: 51/52 MP: 6/12
  4949 | D:5      | Reached skill level 5 in Poison Magic
  4952 | D:5      | Found a blossoming altar of Fedhas.
  5187 | D:6      | HP: 2/52 [orc/cursed -1 mace (2)]
  5189 | D:6      | Slain by an orc

Illustrated notes

Levels and vault maps discovered:
D:1:      dpeg_arrival_radiant, layout_basic
D:2:      layout_loops_ring, minmay_tetromino_o2
D:3:      layout_loops_corners, overflow_temple_1_default, first_ration,
          gup_sewer_entry_spiral
D:4:      layout_loops_cross
D:5:      layout_rooms, lemuel_round_altar, minmay_misc_feat_rows,
          ashenzari_altar_1, uniq_duvessa
D:6:      layout_gridville, uniq_sigmund, uniq_eustachio, uniq_maggie

Skill      XL: |  1  2  3  4  5  6  7  8 |
---------------+-------------------------+-----
Conjurations   | 1 2 3 4 5 |  5.7
Poison Magic   | 2 3 4 5 |  5.0
Air Magic      | 1 2 3 |  3.2
Dodging        | |  1.7
Stealth        | |  2.4
Spellcasting   | |  3.2
Summonings     | |  1.0
Translocations | |  0.8

Action                   |  1- 3 |  4- 6 |  7- 9 || total
-------------------------+-------+-------+-------++-------
Melee: Unarmed           |    10 |       |       ||    10
       Short sword       |    17 |     5 |       ||    22
       Club              |     1 |       |       ||     1
       Trident           |       |   109 |   120 ||   229
       Morningstar       |       |       |     5 ||     5
       Flail             |       |       |     1 ||     1
Throw: Stone             |     4 |       |       ||     4
       Boomerang         |     8 |     3 |       ||    11
 Cast: Magic Dart        |    71 |    65 |     9 ||   145
       Mephitic Cloud    |     1 |     7 |     4 ||    12
       Conjure Flame     |       |     2 |    11 ||    13
 Abil: Dig               |       |     2 |     6 ||     8
  Use: Scroll            |       |     4 |       ||     4
       Potion            |       |     1 |       ||     1
 Stab: Sleeping          |       |     7 |       ||     7
       Confused          |       |     1 |     2 ||     3
  Eat: Chunk             |     1 |     9 |     7 ||    17
Armor: Robe              |    10 |     9 |       ||    19
       Leather armour    |       |     4 |    32 ||    36
Dodge: Dodged            |    27 |    49 |    61 ||   137
